[Event "Paul Kerese Mälestusfestival 2022 Välkturniir"]
[Site "Paul Kerese Mälestusfestival 2022 Kiirturniir"]
[Date "????.??.??"]
[Round "2.7"]
[White "Zarovs, Aleksandrs"]
[Black "Krilovs, Nikolajs"]
[Result "0-1"]
[TimeControl "3 min + 2 sek iga käigu eest"]
[WhiteElo "1527"]
[BlackElo "1971"]

1. e4 c5 2. Nf3 e6 3. c3 Nc6 4. d4 cxd4 5. cxd4 d5 6. exd5 exd5 7. Nc3 Nf6 8. Bg5 Be7 9. Qb3 O-O 10. Be2 Bf5 11. O-O Nb4 12.
Rfc1 Rc8 13. a3 Nc6 14. Qxb7 Na5 15. Qxa7 Nb3 0-1

[Event "Paul Kerese Mälestusfestival 2022 Välkturniir"]
[Site "Paul Kerese Mälestusfestival 2022 Kiirturniir"]
[Date "????.??.??"]
[Round "2.8"]
[White "Heinmets, Tõnu"]
[Black "Holger, Jürjo"]
[Result "1-0"]
[TimeControl "3 min + 2 sek iga käigu eest"]
[WhiteElo "1939"]
[BlackElo "1505"]

1. Nf3 Nf6 2. g3 Nc6 3. Bg2 d5 4. O-O e5 5. d3 Bc5 6. c3 O-O 7. b4 Bb6 8. a4 a5 9. b5 Ne7 10. Nxe5 Re8 11. Nd2 d4 12. c4 Nf5 13. Nef3 h6 14. Nb3 Qe7 15. Ba3 Qxe2 16. Qxe2 Rxe2 17.
c5 Ba7 18. Nfxd4 Nxd4 19. Nxd4 Rd2 20. Rfd1 Rxd1+ 21. Rxd1 Bg4 22. f3 Bh5 23. Nf5 Rd8 24. d4 Nd5 25. Re1 Kf8 26.
c6+ Nb4 27. cxb7 Rb8 28. f4 Bg4 29.
Ne7 Be6 30. Nc6 1-0

[Event "Paul Kerese Mälestusfestival 2022 Välkturniir"]
[Site "Paul Kerese Mälestusfestival 2022 Kiirturniir"]
[Date "????.??.??"]
[Round "3.1"]
[White "Agrest, Evgenij"]
[Black "Heinmets, Tõnu"]
[Result "1-0"]
[TimeControl "3 min + 2 sek iga käigu eest"]
[WhiteTitle "GM"]
[WhiteElo "2574"]
[BlackElo "1939"]

1. Nf3 Nf6 2. b3 g6 3. Bb2 Bg7 4.
g3 O-O 5. Bg2 d6 6. d4 d5 7. O-O c6 8. c4 a6 9.
Nbd2 b5 10. Ne5 bxc4 11. bxc4 Nfd7 12. Nd3 e6 13. Rb1 a5 14. Ba3 Re8 15. e3 Ba6 16. Qc2 Nb6 17. Nb2 Ra7 18. Rfc1 e5 19.
cxd5 exd4 20. dxc6 Rc7 21. Bc5 d3 22. Qb3 Na8 23. Qa4 Qc8 24. Nbc4 Nxc6 25. Nd6 Qd8 26. Nxe8 Qxe8 27. Bd6 1-0

[Event "Paul Kerese Mälestusfestival 2022 Välkturniir"]
[Site "Paul Kerese Mälestusfestival 2022 Kiirturniir"]
[Date "????.??.??"]
[Round "3.2"]
[White "Petrovskis, Olegs"]
[Black "Maiorov, Nikita"]
[Result "0-1"]
[TimeControl "3 min + 2 sek iga käigu eest"]
[BlackTitle "GM"]
[WhiteElo "1984"]
[BlackElo "2417"]

1. d4 Nf6 2. Nf3 e6 3. c4 d5 4. Nc3 a6 5. cxd5 exd5 6. Bg5 Be6 7. e3 Nbd7 8. Bd3 Bd6 9. O-O h6 10.
Bh4 c6 11. Rb1 O-O 12. b4 Qc7 13. a4 Bg4 14. Bg3 Bxg3 15. hxg3 a5 16. b5 c5 17. dxc5 Nxc5 18. Rc1 Qe7 19. Bb1 Rfd8 20. Ne2 Rac8 21.
Ned4 Nfe4 22. Qc2 Qf6 23. Qa2 g6 24. Qa3 h5 25. Bxe4 dxe4 26. Nd2 Qe5 27. Rc3 Ne6 28. Rfc1 Rxc3 29.
Qxc3 Nxd4 30. exd4 Qxd4 31. Nf1 Qxc3 32. Rxc3 Rd1 0-1

[Event "Paul Kerese Mälestusfestival 2022 Välkturniir"]
[Site "Paul Kerese Mälestusfestival 2022 Kiirturniir"]
[Date "????.??.??"]
[Round "3.3"]
[White "Krilovs, Nikolajs"]
[Black "Chukavin, Kirill"]
[Result "0-1"]
[TimeControl "3 min + 2 sek iga käigu eest"]
[BlackTitle "FM"]
[WhiteElo "1971"]
[BlackElo "2280"]

1. d4 Nf6 2. Nf3 d5 3.
c4 e6 4.
Nc3 c6 5. e3 Nbd7 6. cxd5 exd5 7.
Bd3 Bd6 8. h3 O-O 9. Rb1 a5 10. O-O Re8 11. Qc2 Qe7 12. Nd2 Nf8 13. a3 Ng6 14. Na4 Qc7 15. Qb3 b5 16. Nc5 Bxc5 17.
dxc5 Ne5 18. Qc2 g6 19. b3 Nxd3 20.
Qxd3 Bf5 21. Qd4 Nd7 22. Bb2 Qe5 23. Qh4 Qe7 24. Qd4 f6 25. Rbc1 Qe5
26. Nf3 Qxd4 27. Nxd4 Ne5 28. Ba1 Bd7 29. f4 Nf7 30. Kf2 Kg7 31. Nf3 Re4 32. g4 Rae8 33. Rfe1 h6 34. Re2 R4e6 35. Rg1 Kh7 36. h4 Nd8 37. g5 fxg5 38. hxg5 h5 39. Nd4 Re4 40. Rg3 Bg4 41. Re1 Ne6 42. Nxe6 R8xe6 43. Rh1 Kg8 44. Re1 a4 45. b4 Rc4 46. Bd4 Rc2+ 47. Kg1 Ra2 48. Rg2 Rxa3 49.
Rd2 Rb3 50. e4 Rxe4 51. Rxe4 dxe4 52. Bf6 a3 53. Rd8+ Kf7 54. Ra8 Ke6 55. Kf2 Kd5 56. Rd8+ Kc4 57. Rd4+ Kc3 58. Rxe4+ Kc2 59. Re3 Rxe3 60. Kxe3 a2 61. Ba1 Kb1 62. Bc3 a1=Q 63. Bxa1 Kxa1 64.
Kd4 h4 0-1

[Event "Paul Kerese Mälestusfestival 2022 Välkturniir"]
[Site "Paul Kerese Mälestusfestival 2022 Kiirturniir"]
[Date "????.??.??"]
[Round "3.4"]
[White "Golubovskis, Maksims"]
[Black "Agafonov, Yuri"]
[Result "1-0"]
[TimeControl "3 min + 2 sek iga käigu eest"]
[WhiteElo "2163"]
[BlackElo "1913"]

1. e4 g6 2. d4 Bg7 3. Nc3 d6 4. Be3 Nd7 5. Qd2 a6 6. a4 b6 7. f4 Bb7 8. d5 Ngf6 9. Nf3 O-O 10. Bc4 c6 11. O-O cxd5 12. exd5 Rc8 13. Bb3 Nc5 14. Rad1 Nxb3 15. cxb3 b5 16. axb5 axb5 17. Bd4 b4 18. Ne2 Nxd5 19.
Bxg7 Kxg7 20. f5 Qb6+ 21. Ned4 Nf6 22. Kh1 Rc5 23. Rfe1 Bxf3 24. Nxf3 Rd5 25. Qc2 Rxd1 26. Qxd1 Ng4 27. Qd4+ Qxd4 28. Nxd4 Rc8 29. h3 Ne5 30. Re4 Kf6 31. fxg6 hxg6 32. Nb5 Rc2 33. Rf4+ Kg7 34. Rxb4 Rxb2 35. Nd4 Rd2 36. Nb5 Rb2 37. Nd4 Rd2 38. Nb5 Rd5 39. Nc3 Rd3 40. Nb5 Rd1+ 41.
Kh2 Rd3 42. Nc7 Nc6 43. Rb6 Nd4 44.
b4 Rb3 45. b5 Kh6 46. Rb7 e5 47. b6 e4 48. Nd5 e3 49. Rxf7 e2 50. Re7 Rb5 51. Nf4 Re5 52. Rxe5 dxe5 53. Nxe2 Nc6 54. Kg3 Kg5 55. Kf3 Kf5 56. g4+ Ke6 57. b7 Kd5 58. Nc3+ Kc5 59.
Ke4 Kb6 60. Nd5+ Kxb7 61. Nf6 Kc7 62. Kd5 Kb6 63. Nd7+ Kc7 64. Nxe5 Ne7+ 65. Ke6 Kd8 66. Kf6 Nd5+ 67. Kg5 Ke7 68.
Nxg6+ Kf7 69. Nf4 Ne3 70. h4 Nf1 71. h5 Ng3 72. Kh4 Ne4 73. g5 Kg7 74. Kg4 Nf2+ 75. Kf5 Nd1 76.
Nd5 Nf2 77. h6+ Kh7 78. Nf6+ Kh8 79. g6 1-0

[Event "Paul Kerese Mälestusfestival 2022 Välkturniir"]
[Site "Paul Kerese Mälestusfestival 2022 Kiirturniir"]
[Date "????.??.??"]
[Round "3.6"]
[White "Bernotas, Arturs"]
[Black "Rezniks, Roberts"]
[Result "1-0"]
[TimeControl "3 min + 2 sek iga käigu eest"]
[WhiteTitle "FM"]
[WhiteElo "2382"]
[BlackElo "1433"]

1. e4 c5 2. Nf3 Nf6 3. Nc3 d5 4. exd5 Nxd5 5. Bb5+ Bd7 6. Ne5 Bxb5 7. Qf3 f6 8. Qxd5 Qxd5 9. Nxd5 Na6 10. a4 Bd7 11. Nxd7 Kxd7 12.
c3 e6 13. Ne3 Bd6 14. Ke2 Rad8 15. d3 Nc7 16. Nc4 Be7 17. Be3 Nd5 18. Rhd1 Nxe3 19. fxe3 e5 20. e4 Ke6 21. Ne3 g6 22.
Nd5 Rd7 23. g4 Rhd8 24. Rf1 h6 25. Rf3 Rf8 26. Raf1 b6 27. h4 h5 28. gxh5 gxh5 29. Rf5 Rh8 30. Nxf6 Bxf6 31. Rxf6+ Ke7 32. Rf7+ Ke8 33. R7f5 Rhh7 34. Rxe5+ Kd8 1-0

[Event "Paul Kerese Mälestusfestival 2022 Välkturniir"]
[Site "Paul Kerese Mälestusfestival 2022 Kiirturniir"]
[Date "????.??.??"]
[Round "3.7"]
[White "Valdats, Maris"]
[Black "Olde, Margareth"]
[Result "0-1"]
[TimeControl "3 min + 2 sek iga käigu eest"]
[BlackTitle "WIM"]
[WhiteElo "1413"]
[BlackElo "1971"]

1. e4 d6 2. d4 Nf6 3. Nc3 e5 4. dxe5 dxe5 5. Qxd8+ Kxd8 6. Bc4 Ke8 7. Nf3 Nc6 8.
Ng5 Nd8 9. O-O h6 10. Nf3 Bd6 11. Be3 a6 12. h3 Be6 13. Bb3 Nc6 14.
Bxe6 fxe6 15. Rfd1 g5 16. Nd2 Ke7 17. Nc4 g4 18. hxg4 Nxg4 19. f3 Nxe3 20. Nxe3 Bc5 21. Re1 Nd4 22. Kf1 h5 23. Rac1 b5 24.
a4 b4 25. Na2 h4 26. Ng4 Bd6 27. c4 c5 28. Rcd1 h3 29. gxh3 Nxf3 30. Re3 Nd4 31. Kg2 Rag8 32. Nc1 Rf8 33.
Nd3 Rhg8 34. Rf1 Rxf1 35. Kxf1 Rg5 36. Kg2 Nc6 37. Kg3 Na5 38. Kh4 Rg8 39. Ndxe5 Bxe5 40. Nxe5 Kd6 41. Ng4 Nxc4 42. Re2 Ke7 43. e5 Nb6 44. b3 Rh8+ 45. Kg3 c4 46. bxc4 Nxc4 47. Rc2 Rc8 48. Ne3 Nb6 49. Rxc8 Nxc8 50. h4 b3 51. Nc4 Nb6 52.
Nb2 Nd7 53. Kf4 Kf7 54. Ke4 Kg6 55. Kd4 Kf5 56. a5 Nxe5 57. Kc3 Nc6 58. Kxb3 Nxa5+ 59. Kb4 Nb7 60. Nc4 e5 61. h5 e4 62. h6 Kg6 0-1

[Event "Paul Kerese Mälestusfestival 2022 Välkturniir"]
[Site "Paul Kerese Mälestusfestival 2022 Kiirturniir"]
[Date "????.??.??"]
[Round "3.8"]
[White "Protassov, Vlad"]
[Black "Valdats, Reinis"]
[Result "1-0"]
[TimeControl "3 min + 2 sek iga käigu eest"]
[WhiteElo "1816"]
[BlackElo "1427"]

1. d4 Nf6 2. c4 e6 3. g3 Bb4+ 4. Bd2 Bxd2+ 5. Qxd2 O-O 6. Bg2 d5 7. Nf3 Nbd7 8.
O-O c5 9. cxd5 Nxd5 10. dxc5 Nxc5 11. Nc3 Nxc3 12. Qxc3 b6 13.
Rfd1 Qc7 14. Rac1 Qe7 15. b4 Ne4 16. Qe5 Bb7 17. Rc7 Qxb4 18. Rxb7 Rfd8 19. Rxd8+ Rxd8 20. Qc7 Rf8 21. Rb8 Nf6 22. Rxf8+ Qxf8 23. Qxa7 Nd5 24.
Nd4 Nc3 25. Bf3 Qd8 26. Nc6 Qe8 27. Qxb6 Nxa2 28. Qd8 Qxd8 29. Nxd8 Nb4 30. Nc6 Nxc6 31. Bxc6 f6 32. h4 Kf7 33. Kg2 Ke7 34. Be4 f5 35.
Bc2 Kf6 36. Kf3 e5 37. e4 g6 38. Ke3 Ke6 39. f3 Kf6 40. g4 h6 41. exf5 gxf5 42.
Bxf5 h5 43. Ke4 hxg4 44. fxg4 1-0

[Event "Paul Kerese Mälestusfestival 2022 Välkturniir"]
[Site "Paul Kerese Mälestusfestival 2022 Kiirturniir"]
[Date "????.??.??"]
[Round "4.1"]
[White "Chukavin, Kirill"]
[Black "Agrest, Evgenij"]
[Result "1/2-1/2"]
[TimeControl "3 min + 2 sek iga käigu eest"]
[WhiteTitle "FM"]
[BlackTitle "GM"]
[WhiteElo "2280"]
[BlackElo "2574"]

1. e4 c6 2. d4 d5 3. exd5 cxd5 4. Bd3 Nc6 5.
c3 Nf6 6. Bf4 Bg4 7. Qb3 Qd7 8. Nd2 e6 9. Ngf3 Bxf3 10. Nxf3 Bd6 11. Bg3 O-O 12. Qc2 Rac8 13. Qe2 Qc7 14. O-O Bxg3 15. hxg3 Rfe8 16. Rae1 g6 17. Qe3 Kg7 18. Ne5 Nxe5 19.
dxe5 Nd7 20. g4 Qb6 21. Qd2 Red8 22. g3 d4 23. c4 Nc5 24. b3 a5 25. Kg2 Qb4 26. Qd1 Qc3 27. Bb1 d3 28. Rh1 d2 29. Re3 Qd4 30. Rf3 Rd7 31. Re3 h6 32.
Bc2 Rcd8 33. Qf3 Kh7 34. g5 h5 35.
Bd1 Nd3 36. Qf6 Ne1+ 37. Kf1 Kg8 38. Bxh5 Nc2 39. Bd1 Nxe3+ 40. fxe3 Qd3+ 41. Kg2 Qe4+ 42. Bf3 Qxf3+ 43. Kxf3 d1=Q+ 44. Rxd1 Rxd1 45. Qe7 R8d2 46. Qxb7 Rf1+ 47. Ke4 Rxa2 48. Qb5 Re1 49. c5 Rc2 50. Qxa5 Rec1 51. b4 Rc4+ 52. Kf3 Rf1+ 53. Ke2 Rfc1 54. Qd8+ Kg7 55. Qb6 R1c2+ 56. Kf3 Rc1 57. Qb5 R4c2 58. Qd3 Rc3 59. Qd2 R3c2 60. Qd3 Rc3 61. Qd6 R3c2 62. Qd3 Rc3 63. Qd2 R3c2 64. Qd6 Rc4 65. Qb6 R4c2 66. Qb5 Rc3 67.
Ke4 Rc4+ 68. Kd3 R1c3+ 69. Kd2 Rc2+ 70. Kd3 R4c3+ 71. Kd4 Rc1 72. Ke4 Rc4+ 1/2-1/2

[Event "Paul Kerese Mälestusfestival 2022 Välkturniir"]
[Site "Paul Kerese Mälestusfestival 2022 Kiirturniir"]
[Date "????.??.??"]
[Round "4.2"]
[White "Maiorov, Nikita"]
[Black "Golubovskis, Maksims"]
[Result "1-0"]
[TimeControl "3 min + 2 sek iga käigu eest"]
[WhiteTitle "GM"]
[WhiteElo "2417"]
[BlackElo "2163"]

1. d4 Nf6 2. c4 e6 3. Nf3 b6 4.
g3 Ba6 5. Qa4 c5 6. Bg2 Bb7 7.
dxc5 bxc5 8. O-O Be7 9. Nc3 O-O 10. Bf4 d6 11. Rfd1 Qb6 12. Rab1 Na6 13. a3 Bc6 14. Qc2 e5 15.
Bg5 Rfd8 16. Nh4 Bxg2 17. Kxg2 Qc6+ 18. Kg1 g6 19. Ng2 Nc7 20. Ne3 Kg7 21. Bxf6+ Bxf6 22. Ned5 Nxd5 23. Nxd5 h5 24.
h3 Bg5 25. e4 a5 26. Nc3 h4 27. g4 Qd7 28.
Nb5 Qe7 29. Rd5 Ra6 30. Rbd1 Kh8 31. Kg2 Bf4 32. Qd3 Rb6 33. Rxc5 Rdb8 34. Rd5 f5 35. exf5 e4 36. Qd4+ Be5 37. Qxe4 Rf8 38. fxg6 Rf4 39. Qe3 Rb8 40. b3 Qf6 41.
Nxd6 Bxd6 42. Rxd6 Qg5 43. Rd8+ Rxd8 44. Rxd8+ Kg7 45. Rd7+ Kxg6 46. Qe6+ Rf6 47. Qg8+ 1-0

[Event "Paul Kerese Mälestusfestival 2022 Välkturniir"]
[Site "Paul Kerese Mälestusfestival 2022 Kiirturniir"]
[Date "????.??.??"]
[Round "4.3"]
[White "Teelem, Lauri"]
[Black "Bernotas, Arturs"]
[Result "1-0"]
[TimeControl "3 min + 2 sek iga käigu eest"]
[BlackTitle "FM"]
[WhiteElo "2012"]
[BlackElo "2382"]

1. d4 Nf6 2. c4 e6 3. Nc3 Bb4 4. a3 Bxc3+ 5. bxc3 b6 6. f3 d5 7. e3 O-O 8. Bd3 Ba6 9. cxd5 Bxd3 10. Qxd3 exd5 11. Ne2 Re8 12. O-O c5 13. Ng3 Nc6 14.
Ra2 Qd7 15. Kh1 Rac8 16. Raf2 Re6 17. Bb2 Rce8 18. Re2 Na5 19. Bc1 Qa4 20. e4 cxd4 21. cxd4 Qc4 22. Qxc4 Nxc4 23. e5 Nd7 24.
f4 Rc6 25. h3 Nf8 26. f5 Na5 27. Kh2 Rec8 28. Ree1 Nb3 29. Be3 Rc4 30. Rf4 Ra4 31. f6 g6 32. Rb1 Na5 33. Ra1 Ne6 34.
Ne2 Rc2 35. Rf2 Nc4 36. Bc1 b5 37. Rb1 a6 38. Nf4 Rxf2 39. Nxd5 Nxd4 40. Bh6 Ne6 41. Rd1 Rf5 42. Ne7+ Kh8 43. Rd7 Rh5 44. Bg7+ Nxg7 45. Rd8+ 1-0

[Event "Paul Kerese Mälestusfestival 2022 Välkturniir"]
[Site "Paul Kerese Mälestusfestival 2022 Kiirturniir"]
[Date "????.??.??"]
[Round "4.4"]
[White "Olde, Karl Erik"]
[Black "Petrovskis, Olegs"]
[Result "1/2-1/2"]
[TimeControl "3 min + 2 sek iga käigu eest"]
[WhiteElo "1768"]
[BlackElo "1984"]

1. d4 d5 2. c4 c6 3. e3 Nf6 4. Nf3 e6 5. Nc3 Nbd7 6.
Bd3 Bd6 7. O-O O-O 8. e4 dxc4 9.
Bxc4 e5 10. d5 Nb6 11. Bb3 h6 12. dxc6 bxc6 13. Qe2 Qe7 14. h3 Be6 15. Bxe6 Qxe6 16. Be3 Nc4 17. Rac1 Bb4 18. a3 Ba5 19.
b4 Nxe3 20. Qxe3 Bb6 21. Qe2 Rad8 22.
Na4 Bd4 23. Nxd4 Rxd4 24. Nc5 Qe7 25. Rfd1 Rfd8 26. Rxd4 Rxd4 27. Rd1 Qd6 28. Rxd4 Qxd4 29. Qa6 Qa1+ 30. Kh2 Qc1 31. Qxc6 Qf4+ 32. Kg1 Qc1+ 1/2-1/2

[Event "Paul Kerese Mälestusfestival 2022 Välkturniir"]
[Site "Paul Kerese Mälestusfestival 2022 Kiirturniir"]
[Date "????.??.??"]
[Round "4.5"]
[White "Olde, Margareth"]
[Black "Kraini, Juri"]
[Result "1-0"]
[TimeControl "3 min + 2 sek iga käigu eest"]
[WhiteTitle "WIM"]
[WhiteElo "1971"]
[BlackElo "1692"]

1. d4 Nf6 2. c4 e6 3. g3 d5 4. Bg2 Be7 5. Nf3 O-O 6.
O-O c6 7. Qc2 Nbd7 8. Bf4 Ne4 9. Rd1 f5 10. Ne5 Nxe5 11. dxe5 Bd7 12.
Nc3 Qb6 13. Nxe4 fxe4 14. cxd5 cxd5 15. Be3 Qc6 16. Qb3 b6 17. Rac1 Qb7 18. Rc2 Rac8 19. Rcd2 Qa6 20. a4 Rc4 21. Rd4 Rfc8 22. Bxe4 Qxa4 23.
Bxh7+ Kxh7 24. Qd3+ Kg8 25. b3 Rxd4 26. Bxd4 Qb5 27.
Qf3 Rc2 28. e4 Qe2 29. Qxe2 Rxe2 30. Be3 Bb5 31. exd5 exd5 32. Rxd5 Bc6 33. Rd1 Rb2 34.
Rc1 Bf3 35. h3 Rxb3 36. g4 Bh4 37. Kh2 Rd3 38. e6 Rd1 39. Rxd1 Bxd1 40. f4 Kf8 41. Bd2 Ke7 42. f5 Bf6 43. Bb4+ Ke8 44. Kg3 Bb3 45. h4 Bc2 46. Kf4 Bxh4 47. g5 Be1 48. Bxe1 Ke7 49. Ke5 g6 50. f6+ Ke8 51. f7+ 1-0

[Event "Paul Kerese Mälestusfestival 2022 Välkturniir"]
[Site "Paul Kerese Mälestusfestival 2022 Kiirturniir"]
[Date "????.??.??"]
[Round "4.6"]
[White "Paikens, Reinis"]
[Black "Krilovs, Nikolajs"]
[Result "1-0"]
[TimeControl "3 min + 2 sek iga käigu eest"]
[WhiteElo "1678"]
[BlackElo "1971"]

1. c4 e5 2. Nc3 Nf6 3.
g3 c6 4.
Bg2 d5 5. cxd5 cxd5 6. d3 Nc6 7. Nf3 Be7 8. O-O O-O 9. Rb1 h6 10. a3 a5 11. Bd2 Be6 12. e3 Qd7 13. d4 e4 14.
Ne1 Bh3 15. f3 exf3 16. Qxf3 Bg4 17. Qf2 Rad8 18. Nd3 Rfe8 19. Nf4 Bf5 20. Nfxd5 Bxb1 21. Rxb1 Nxd5 22. Bxd5 Bf6 23. Rf1 Qe7 24.
Ba2 Nxd4 25. Nd5 Rxd5 26. Bxd5 Nc6 27. e4 Bd4 28. Be3 Bxe3 29. Qxe3 Ne5 30. Rf5 Kh8 31. Qb3 Qc5+ 32. Kg2 f6 33. Rf2 Ng4 34. Re2 b5 35. h3 Ne5 36. Rc2 Qd4 37. Qxb5 f5 38.
Qxe8+ Kh7 39. Bg8+ 1-0

[Event "Paul Kerese Mälestusfestival 2022 Välkturniir"]
[Site "Paul Kerese Mälestusfestival 2022 Kiirturniir"]
[Date "????.??.??"]
[Round "4.7"]
[White "Heinmets, Tõnu"]
[Black "Kokk, Karl Mattias"]
[Result "0-1"]
[TimeControl "3 min + 2 sek iga käigu eest"]
[WhiteElo "1939"]
[BlackElo "1338"]

1. b3 d5 2. Bb2 Nd7 3. e3 e5 4.
c4 c6 5.
cxd5 cxd5 6. Bb5 Bd6 7. Nf3 Qe7 8. O-O a6 9. Bxd7+ Bxd7 10. d4 e4 11. Ne5 Nf6 12. Nc3 O-O 13. Nxd7 Qxd7 14. Na4 Ng4 15.
h3 Nh2 16. Re1 Nf3+ 17. gxf3 Qxh3 18. f4 f5 19. Qe2 Rf6 0-1

[Event "Paul Kerese Mälestusfestival 2022 Välkturniir"]
[Site "Paul Kerese Mälestusfestival 2022 Kiirturniir"]
[Date "????.??.??"]
[Round "4.8"]
[White "Zarovs, Aleksandrs"]
[Black "Mikko, Rondo"]
[Result "0-1"]
[TimeControl "3 min + 2 sek iga käigu eest"]
[WhiteElo "1527"]
[BlackElo "1933"]

1. e4 c6 2. d4 d5 3. Nc3 dxe4 4. Nxe4 Nf6 5. Nxf6+ exf6 6. c3 Bf5 7. Bd3 Bxd3 8. Qxd3 Bd6 9. Nf3 O-O 10. O-O Re8 11. Be3 Nd7 12. b3 g6 13. c4 f5 14. a3 a5 15.
Bd2 Qc7 16. b4 axb4 17. axb4 Nf6 18. c5 Bf8 19. b5 Bg7 20. Rxa8 Rxa8 21. bxc6 bxc6 22. Qc4 Nd5 23. Re1 Qd7 24. h3 Qb7 25. Ne5 Bxe5 26. Rxe5 Qb2 27. Bh6 Qb7 28. Qe2 Qd7 29. Bg5 f6 0-1

[Event "Paul Kerese Mälestusfestival 2022 Välkturniir"]
[Site "Paul Kerese Mälestusfestival 2022 Kiirturniir"]
[Date "????.??.??"]
[Round "5.1"]
[White "Teelem, Lauri"]
[Black "Maiorov, Nikita"]
[Result "1/2-1/2"]
[TimeControl "3 min + 2 sek iga käigu eest"]
[BlackTitle "GM"]
[WhiteElo "2012"]
[BlackElo "2417"]

1. d4 Nf6 2. c4 e6 3.
Nc3 d5 4. Bg5 Be7 5. e3 O-O 6. cxd5 exd5 7. Bd3 c6 8. Nge2 Nbd7 9. O-O Re8 10. Ng3 Nf8 11. Nf5 Bxf5 12. Bxf5 N6d7 13. Bf4 Nb6 14. Re1 Bd6 15.
Bg3 Bxg3 16. hxg3 Qf6 17. Qc2 h5 18. a4 a5 19. Rab1 Nc4 20. Bd3 Nd6 21. b4 axb4 22. Rxb4 h4 23. gxh4 Qxh4 24. g3 Qh6 25.
Kg2 Qg5 26. Rh1 g6 27. Rh4 Kg7 28. Rb1 Ne6 29. Rbh1 Rh8 30. Rxh8 Rxh8 31. Rxh8 Kxh8 32. Qb2 Qf6 33. Qb4 Ng5 34. f4 Nh7 35. g4 Qe6 36.
Kf3 Nf6 37. g5 Qh3+ 38. Ke2 Ng4 39. Nd1 Qg2+ 40. Ke1 Qg1+ 41. Kd2 Qg2+ 42. Kc1 Nf5 43. Qf8+ Kh7 44. Qxf7+ Kh8 45. Bxf5 gxf5 46. Qxf5 Qg1 47. Qe6 Nf2 48. Qf6+ Kg8 49. Qe6+ Kf8 50.
Qf6+ Kg8 51. Qe6+ Kf8 52. Qf6+ Ke8 53. Qg6+ Kf8 54. Qc2 Nxd1 55. Qxd1 Qxe3+ 56. Kc2 Qxf4 57. g6 Qe4+ 58. Qd3 Ke8 1/2-1/2

[Event "Paul Kerese Mälestusfestival 2022 Välkturniir"]
[Site "Paul Kerese Mälestusfestival 2022 Kiirturniir"]
[Date "????.??.??"]
[Round "5.2"]
[White "Agrest, Evgenij"]
[Black "Olde, Margareth"]
[Result "1-0"]
[TimeControl "3 min + 2 sek iga käigu eest"]
[WhiteTitle "GM"]
[BlackTitle "WIM"]
[WhiteElo "2574"]
[BlackElo "1971"]

1. Nf3 d5 2. b3 Nf6 3.
Bb2 c5 4. e3 e6 5. c4 Nc6 6. cxd5 exd5 7. Nc3 Be7 8. Rc1 O-O 9. d4 cxd4 10. Nxd4 Nxd4 11. Qxd4 b6 12. Be2 Bc5 13. Qd1 d4 14. exd4 Bxd4 15. O-O Bb7 16. Bf3 Bxf3 17.
Qxf3 Bxc3 18. Bxc3 Qd5 19. Qg3 Nh5 20. Qg4 h6 21. h4 g6 22. Rfd1 Qe6 23. Qxe6 fxe6 24. g3 Rfd8 25. Be5 Ng7 26. Rxd8+ Rxd8 27. Rc7 Nf5 28. Rxa7 Rd5 29. Bf6 Nd4 30. Rg7+ Kf8 31. Bxd4 Rxd4 32. Rxg6 Kf7 33. Rxh6 Rd2 34. Rh7+ Kg6 35. Rb7 Rxa2 36. Rxb6 Kf5 37. Kg2 e5 38. Rb5 Rc2 39.
b4 Re2 40. Rb8 Ke4 41. b5 Rb2 42.
b6 Kd3 43. b7 Ke2 44. Re8 1-0

[Event "Paul Kerese Mälestusfestival 2022 Välkturniir"]
[Site "Paul Kerese Mälestusfestival 2022 Kiirturniir"]
[Date "????.??.??"]
[Round "5.3"]
[White "Golubovskis, Maksims"]
[Black "Chukavin, Kirill"]
[Result "0-1"]
[TimeControl "3 min + 2 sek iga käigu eest"]
[BlackTitle "FM"]
[WhiteElo "2163"]
[BlackElo "2280"]

1. Nf3 d5 2. c4 e6 3. g3 Nf6 4.
Bg2 d4 5. d3 c5 6. b4 cxb4 7.
a3 Nc6 8. O-O bxa3 9. Qa4 Bd7 10.
Bxa3 Bxa3 11. Qxa3 Qe7 12. e3 dxe3 13. fxe3 O-O 14. Qxe7 Nxe7 15.
Ne5 Bc6 16. Nxc6 Nxc6 17. d4 e5 18. d5 Nb4 19. Rc1 Rfc8 20. Nd2 Nd7 21. Nb3 Nc5 22.
Nxc5 Rxc5 23. d6 a5 24. Bxb7 Rd8 25. Rd1 Nc2 26. Rac1 Nxe3 27. Rd3 Nf5 28. d7 Nd4 29. Rxd4 exd4 30. Bc8 d3 31. Kf2 d2 32. Rd1 Rxc4 33. Rxd2 Kf8 34. Ke3 Ke7 35.
Rd5 a4 36. Ra5 Kd6 37. Kd3 Rb4 38. Kc3 Rb3+ 39. Kc4 Ra3 40. Kb4 Ra2 41. h3 Rxd7 42. Ra6+ Ke7 43. Bxd7 Kxd7 0-1

[Event "Paul Kerese Mälestusfestival 2022 Välkturniir"]
[Site "Paul Kerese Mälestusfestival 2022 Kiirturniir"]
[Date "????.??.??"]
[Round "5.4"]
[White "Mikko, Rondo"]
[Black "Paikens, Reinis"]
[Result "0-1"]
[TimeControl "3 min + 2 sek iga käigu eest"]
[WhiteElo "1933"]
[BlackElo "1678"]

1. Nf3 d5 2. g3 c5 3. Bg2 Nc6 4. O-O Nf6 5. d3 g6 6. Nbd2 Bg7 7. e4 dxe4 8. dxe4 O-O 9. c3 e5 10. Qc2 h6 11. Nc4 Qc7 12. Ne3 Be6 13. b3 Rad8 14. Bb2 b5 15. Rfd1 a5 16.
a4 b4 17. c4 Nd4 18. Nxd4 cxd4 19. Nf1 Nd7 20. Rab1 Nc5 21. Bc1 f5 22. Nd2 f4 23. Nf3 Bg4 24. Rd3 Nxd3 25. Qxd3 fxg3 26. hxg3 Bxf3 27. Bxf3 Qf7 28. Kg2 Rd6 29.
c5 Rf6 30. Be2 Rxf2+ 31. Kh3 h5 32.
Bg5 Qe6+ 33. g4 Bf6 34.
Qc4 Qxc4 35. Bxc4+ Kg7 36. Bxf6+ R8xf6 37. gxh5 gxh5 38.
Rg1+ Kh6 39. Rg8 R6f3+ 40. Rg3 Rxg3+ 41. Kxg3 Rf6 42. Bd5 Rf8 43. Be6 Re8 44. Bd7 Rg8+ 45. Kf2 h4 46. c6 h3 47. Bxh3 Rf8+ 48. Ke2 Kg5 49. c7 Kf4 50. Bf5 Re8 51. Kd3 Rf8 52. c8=Q Rxc8 53. Bxc8 Kf3 54. Bf5 Kf4 55. Bc8 Kf3 56. Bb7 Kf4 57.
Ke2 Kg4 58. Ba6 Kf4 59. Bd3 Kg4 60. Bc2 Kf4 61. Kd3 Kf3 62. Kc4 Ke3 63.
Bd3 Kd2 64. Bf1 Kc2 65. Bh3 d3 66.
Bg4 d2 67. Kd5 Kxb3 68. Kxe5 Kc2 69. Kd6 b3 70. e5 b2 71. e6 b1=Q 72. Bf5+ Kc1 73. Bxb1 Kxb1 74. e7 d1=Q+ 75. Kc7 Qc2+ 76. Kd8 Qd3+ 77. Kc7 Qc4+ 78. Kd8 Qd5+ 79. Kc7 Qe6 80. Kd8 Qd6+ 0-1

[Event "Paul Kerese Mälestusfestival 2022 Välkturniir"]
[Site "Paul Kerese Mälestusfestival 2022 Kiirturniir"]
[Date "????.??.??"]
[Round "5.5"]
[White "Kokk, Karl Mattias"]
[Black "Agafonov, Yuri"]
[Result "0-1"]
[TimeControl "3 min + 2 sek iga käigu eest"]
[WhiteElo "1338"]
[BlackElo "1913"]

1. e4 g6 2. d4 Bg7 3.
c3 d6 4.
Bd3 Nd7 5. Ne2 e5 6. Be3 Ngf6 7. h3 O-O 8. O-O Qe7 9. Nd2 c5 10. dxc5 Nxc5 11. Bc2 Bd7 12. Ng3 Rfd8 13. Nb3 Rac8 14.
Qe2 Na4 15. Bd3 Be6 16. f4 exf4 17. Bxf4 Bxb3 18. axb3 Nc5 19. Rxa7 Nxd3 20. Qxd3 d5 21. e5 Ne8 22. Re1 d4 23. cxd4 Rxd4 24. Qxd4 Rd8 25. Qe4 Qc5+ 26. Qe3 Qb4 27.
Rea1 Nc7 28. Bg5 Re8 29. Qf3 Bxe5 30. Rxb7 Qc5+ 31. Be3 Qe7 32. Raa7 Rd8 33. Ne4 Kg7 34. Bb6 Qb4 35. Qf1 Qxe4 36.
Bxc7 Bd4+ 37. Kh1 Bxa7 38. Bxd8 Qxb7 39. Qf6+ Kg8 40. Kh2 Qxb3 41. Qe7 Bb8+ 42. Kg1 Qd1+ 43. Kf2 Qd2+ 44. Kf3 Qd3+ 45. Kf2 Qd4+ 46. Kf1 Be5 47.
Qe8+ Kg7 48. Qe7 Qxb2 49. Qc5 Bd4 50.
Qd5 Qf2# 0-1

[Event "Paul Kerese Mälestusfestival 2022 Välkturniir"]
[Site "Paul Kerese Mälestusfestival 2022 Kiirturniir"]
[Date "????.??.??"]
[Round "5.6"]
[White "Petrovskis, Olegs"]
[Black "Dzjuba, Jegor"]
[Result "1-0"]
[TimeControl "3 min + 2 sek iga käigu eest"]
[WhiteElo "1984"]
[BlackElo "1356"]

1. d4 e6 2. c4 d5 3. Nc3 Nf6 4. Bg5 Be7 5. e3 O-O 6. Nf3 b6 7. Qc2 Bb7 8. Rd1 dxc4 9. Bxc4 h6 10. Bh4 Nd5 11. Bg3 Bf6 12.
e4 Nb4 13. Qe2 g6 14. O-O Qe7 15. a3 N4c6 16. Rfe1 Na5 17. Ba2 c5 18. dxc5 Bxc3 19. bxc3 Qxc5 20. Bd6 Qxc3 21. Bxf8 Kxf8 22.
Rd3 Qc5 23. Qd2 Kg7 24. Qb2+ Kh7 25. Rd8 g5 26. Qh8+ Kg6 27. Ne5+ Kh5 28. g4+ 1-0